 Dungeon Crawl Stone Soup version 0.31-b1-17-gcfd88c8481 (webtiles) character file.

Game seed: 8794179254836828932

151 PaiMei the Grave Robber (level 5, -1/38 HPs)
             Began as a Demonspawn Necromancer on Jan 15, 2024.
             Slain by an ice beast (12 damage)
             ... on level 3 of the Dungeon.
             The game lasted 00:03:49 (3202 turns).

PaiMei the Grave Robber (Demonspawn Necromancer)    Turns: 3202, Time: 00:03:49

Health: -1/38      AC:  9    Str:  9    XL:     5   Next: 10%
Magic:  5/9        EV: 13    Int: 17    God:
Gold:   206        SH:  0    Dex: 18    Spells: 9/10 levels left

rFire   . . .        p - +4 sling "Rusatay" {drain, rC- Dex+5}
rCold   x . .        (no shield)
rNeg    . . .        a - +0 robe
rPois   .            (no helmet)
rElec   .            g - +2 cloak
rCorr   .            (no gloves)
SInv    .            (no boots)
Will    .....        (no amulet)
Stlth   ++           c - +4 ring of protection
HPRegen 0.26/turn    (no ring)
MPRegen 0.11/turn

%: no passive effects
@: no status effects
A: hooves 1, powered by death 1, demonic touch 1
a: no special abilities


You were on level 3 of the Dungeon.
You visited 1 branch of the dungeon, and saw 3 of its levels.

You collected 206 gold pieces.

Inventory:

Hand Weapons
 d - a +0 mace
 p - the +4 sling "Rusatay" (weapon) {drain, rC- Dex+5}
   (You found it on level 3 of the Dungeon)

   Dex+5:     It affects your dexterity (+5).
   rC-:       It makes you vulnerable to cold.
Missiles
 o - 3 poisoned darts
Armour
 a - a +0 robe (worn)
 g - a +2 cloak (worn)
Jewellery
 c - a +4 ring of protection (left hand)
 q - an amulet of faith
Scrolls
 e - a scroll of immolation {unknown}
 f - 6 scrolls of identify {unknown}
 h - a scroll of noise {unknown}
 m - a scroll of vulnerability {unknown}
 n - a scroll of brand weapon {unknown}
Potions
 b - a potion of magic
 i - a potion of mutation {unknown}
 j - a potion of invisibility {unknown}
 k - a potion of cancellation {unknown}
 l - a potion of curing {unknown}
 r - a potion of berserk rage {unknown}


   Skills:
 + Level 1.9 Fighting
 + Level 2.8 Dodging
 - Level 2.0 Stealth
 + Level 3.0 Spellcasting
 + Level 5.2 Necromancy


You had 9 spell levels left.
You knew the following spells:

 Your Spells              Type           Power      Damage    Failure   Level
a - Necrotise             Necr           80%        1d8       1%          1

Your spell library contained the following spells:

 Spells                   Type           Power      Damage    Failure   Level
 Vampiric Draining        Necr           20%        2d7       6%          3
 Animate Dead             Necr           20%        N/A       21%         4
 Curse of Agony           Necr           20%        N/A       50%         5


Dungeon Overview and Level Annotations

Branches:
Dungeon (3/15)

Altars:
Cheibriados


Innate Abilities, Weirdness & Mutations

You have large cloven feet.
You regenerate a little health from kills.
Your touch may inflict minor irresistible damage on your foes.


Message History

You shoot a sling bullet.
The sling bullet barely misses the ice beast.
You shoot a sling bullet.
The sling bullet closely misses the ice beast.
The ice beast hits you but does no damage. x2
Casting: Necrotise (safe; 1% risk of failure)
Confirm with . or Enter, or press ? or * to list all spells.
You don't know that spell.
Casting: Necrotise (safe; 1% risk of failure)
Confirm with . or Enter, or press ? or * to list all spells.
You don't know that spell.
Casting: Necrotise (safe; 1% risk of failure)
Confirm with . or Enter, or press ? or * to list all spells.
Aiming: Necrotise (safe; 1% risk of failure)
Press: ? - help, Shift-Dir - straight line, f/p - ice beast
Aim: an ice beast (chance to affect: 78%)
The ice beast writhes in agony.
The ice beast hits you. The ice beast freezes you!
You feel a terrible chill!
Casting: Necrotise (safe; 1% risk of failure)
Confirm with . or Enter, or press ? or * to list all spells.
Aiming: Necrotise (safe; 1% risk of failure)
Press: ? - help, Shift-Dir - straight line, f/p - ice beast
Aim: an ice beast (lightly wounded, chance to affect: 78%)
The ice beast barely resists.
The ice beast barely misses you.
Casting: Necrotise (safe; 1% risk of failure)
Confirm with . or Enter, or press ? or * to list all spells.
Aiming: Necrotise (safe; 1% risk of failure)
Press: ? - help, Shift-Dir - straight line, f/p - ice beast
Aim: an ice beast (lightly wounded, chance to affect: 78%)
The ice beast writhes in agony.
The ice beast hits you. The ice beast freezes you!
You feel a terrible chill!
Casting: Necrotise (safe; 1% risk of failure)
Confirm with . or Enter, or press ? or * to list all spells.
Aiming: Necrotise (safe; 1% risk of failure)
Press: ? - help, Shift-Dir - straight line, f/p - ice beast
Aim: an ice beast (lightly wounded, chance to affect: 78%)
The ice beast writhes in agony.
The ice beast hits you.
* * * LOW HITPOINT WARNING * * *
The ice beast freezes you!
You feel a terrible chill!
You die...

#+# # # #.#
#.#####.# ####.#
#.......# ..##.##
#.# ..#...## #.#
.......### #Y#
.........# #@#
.....###.#######.#
..#### #.........#
..# ###########
###


You could see an ice beast.

Vanquished Creatures
  A hound (D:3)
  Jessica (D:2)
  3 adders
  A dart slug (D:1)
  A ribbon worm (D:2)
  7 orcs (D:3)
  2 ball pythons
  9 bats
  2 endoplasms
  4 giant cockroaches
  5 goblins
  6 hobgoblins
  5 kobolds
  2 quokkas (D:1)
  A frilled lizard (D:2)
  4 rats
54 creatures vanquished.

Vanquished Creatures (collateral kills)
  A goblin (D:1)
1 creature vanquished.

Grand Total: 55 creatures vanquished

Notes
Turn   | Place    | Note
-------+----------+-------------------------------------------
     0 | D:1      | PaiMei the Demonspawn Necromancer began the quest for the
                  | Orb.
     0 | D:1      | Reached XP level 1. HP: 13/13 MP: 3/3
   347 | D:1      | Discovered your monstrous ancestry.
   347 | D:1      | Gained mutation: You have large cloven feet. [demonic
                  | ancestry]
   347 | D:1      | Reached XP level 2. HP: 19/19 MP: 0/5
  1096 | D:1      | Found a faded altar of an unknown god.
  1418 | D:2      | Gained mutation: Your touch may inflict minor irresistible
                  | damage on your foes. [demonic ancestry]
  1418 | D:2      | Reached XP level 3. HP: 24/25 MP: 0/6
  1816 | D:2      | Reached skill level 1 in Fighting
  2063 | D:2      | Noticed Jessica
  2092 | D:2      | Killed Jessica
  2093 | D:2      | Reached XP level 4. HP: 29/32 MP: 3/7
  2096 | D:2      | Identified the +5 plate armour "Miyvesm" {rC+ Dex+3 Slay+3}
  2626 | D:3      | Found a snail-covered altar of Cheibriados.
  2654 | D:3      | Reached skill level 5 in Necromancy
  2852 | D:3      | Identified the +4 sling "Rusatay" {drain, rC- Dex+5}
  3057 | D:3      | Gained mutation: You regenerate a little health from kills.
                  | [demonic ancestry]
  3057 | D:3      | Reached XP level 5. HP: 37/38 MP: 9/9
  3193 | D:3      | Noticed an ice beast
  3202 | D:3      | Slain by an ice beast

Illustrated notes

Levels and vault maps discovered:
D:1:      matt_arrival_refuge, layout_basic, serial_forest,
          infiniplex_forest_clump_curved, infiniplex_forest_clump_tiny,
          infiniplex_forest_clump_cross, infiniplex_forest_clump_long,
          infiniplex_forest_lined_corner, infiniplex_forest_end_3,
          infiniplex_forest_clump_medium, shapermc_ecumenical_altar_mp_vishouse
D:2:      layout_loops_ring, uniq_jessica
D:3:      layout_loops_corners, chequers_temple_overflow_minitemple,
          mainiacjoe_overflow_alcove_2, amcnicky_altar_gilded

Skill      XL: |  1  2  3  4  5 |
---------------+----------------+-----
Stealth        | 2 |  2.0
Dodging        | 2 |  2.8
Fighting       | 1 |  1.9
Necromancy     | 5 |  5.2
Spellcasting   | 3 |  3.0

Action                     |  1- 3 |  4- 6 || total
---------------------------+-------+-------++-------
  Melee: Mace              |    19 |     1 ||    20
         Kick              |     3 |       ||     3
         Touch             |     1 |       ||     1
   Fire: Sling             |       |    21 ||    21
   Cast: Necrotise         |    60 |    29 ||    89
 Armour: Robe              |    23 |    16 ||    39
  Dodge: Dodged            |    24 |    19 ||    43
